 Dungeon Sprint DCSS version 0.26-a0-652-gafc20e3620 (webtiles) character file.

Game seed: 5473534495035411997

18 rocky1 the Gusty (level 2, -1/15 HPs)
             Began as a Tengu Air Elementalist on Oct 4, 2020.
             Was a Priest of Sif Muna.
             Slain by a sky beast (5 damage)
             ... in the Dungeon (Sprint VII: "The Pits").
             The game lasted 00:02:03 (176 turns).

rocky1 the Gusty (Tengu Air Elementalist)            Turns: 176, Time: 00:02:04

Health: -1/15      AC:  2    Str:  8    XL:     2   Next: 66%
Magic:  0/6        EV: 13    Int: 15    God:    Sif Muna [***...]
Gold:   0          SH:  0    Dex: 14    Spells: 3/6 levels left

rFire    . . .     SeeInvis .   b - +2 falchion
rCold    . . .     Faith    .   (no shield)
rNeg     . . .     Spirit   .   a - +0 robe
rPois    .         Reflect  .   (helmet restricted)
rElec    .         Harm     .   (no cloak)
rCorr    .         Rampage  .   (no gloves)
MR       .....     NoTele   +   (boots unavailable)
Stlth    ++........             (no amulet)
HPRegen  0.05/turn              (no ring)
MPRegen  0.10/turn              (no ring)

@: swift, quick
A: beak, talons 3
a: Channel Magic, Forget Spell, Renounce Religion


You were in the Dungeon.
You worshipped Sif Muna.
Sif Muna was most pleased with you.
You visited 1 branch

Inventory:

Hand Weapons
 b - a +2 falchion (weapon)
Armour
 a - a +0 robe (worn)
Scrolls
 h - a scroll of blinking
 j - 3 scrolls of remove curse
 k - 5 scrolls of amnesia
 l - a scroll of summoning
Potions
 d - a potion of heal wounds
 e - a potion of haste
 f - 4 potions of magic
 g - 3 potions of berserk rage
 i - 2 potions of invisibility


   Skills:
 + Level 1.9 Long Blades
 + Level 3.1 Dodging
 - Level 2.0 Stealth
 + Level 2.9 Spellcasting
 + Level 3.4 Conjurations
 + Level 5.1 Air Magic


You had 3 spell levels left.
You knew the following spells:

 Your Spells              Type           Power        Failure   Level
a - Shock                 Conj/Air       ###.         3%          1
b - Swiftness             Air            ###.....     3%          2

Your spell library contained the following spells:

 Spells                   Type           Power        Failure   Level
 Static Discharge         Conj/Air       ###.....     11%         3
 Airstrike                Air            ###.......   24%         4
 Lightning Bolt           Conj/Air       ###.......   67%         5


Dungeon Overview and Level Annotations

Branches:
Dungeon (1/1)

Altars:
Ashenzari
Cheibriados
Dithmenos
Elyvilon
Fedhas
Gozag
Hepliaklqana
Kikubaaqudgha
Makhleb
Nemelex Xobeh
Okawaru
Qazlal
Ru
Sif Muna
Trog
Uskayaw
Vehumet
Wu Jian
Xom
Yredelemnul
Zin
The Shining One
Beogh
Jiyva
Lugonu


Innate Abilities, Weirdness & Mutations

You have a beak for a mouth.
You have claws for feet.


Message History

Casting: Swiftness (safe; 4% risk of failure)
Confirm with . or Enter, or press ? or * to list all spells.
Aiming: Shock (safe; 3% risk of failure)
Press: ? - help, Shift-Dir - straight line, f - ooze, p - sky beast
Aim: an ooze (severely wounded)
The zap hits the ooze.
You kill the ooze!
Sif Muna accepts your kill.
You can now freely open your mind to new spells.
Your Dodging skill increases to level 3!
Your Air Magic skill increases to level 5!
The zap hits the sky beast.
The sky beast completely resists.
You feel better.
The sky beast hits you but does no damage.
You hit the sky beast.
The sky beast is lightly wounded.
The sky beast hits you. The sky beast shocks you. The sky beast hits you.
* * * LOW HITPOINT WARNING * * *
The sky beast shocks you.
You die...

_________.#
_______...###########++
##########'##...........
#.?(.')))'.##......#..#.
##########.##...........
#..........)'...........
#+#####'#####......#..#.
#..#.†#..##...........
#..'..'@†#####'#####++
##+####Y###.......# ...
#.......# ....##.......#
#+#####...<...#
#.......# #.......#
#.......# #########


You could see a sky beast.

Vanquished Creatures
  An ooze (D)
  A goblin (D)
  7 jackals (D)
  2 rats (D)
11 creatures vanquished.

Notes
Turn   | Place    | Note
-------+----------+-------------------------------------------
     0 | D        | rocky1 the Tengu Air Elementalist began the quest for the
                  | Orb.
     0 | D        | Reached XP level 1. HP: 10/10 MP: 4/4
    19 | D        | Found a bloodstained altar of Trog.
    19 | D        | Found a shimmering blue altar of Sif Muna.
    19 | D        | Found a viscous altar of Jiyva.
    19 | D        | Found a hazy altar of Hepliaklqana.
    19 | D        | Found an opulent altar of Gozag.
    20 | D        | Found a glowing golden altar of the Shining One.
    20 | D        | Found a glowing silver altar of Zin.
    20 | D        | Found a basalt altar of Yredelemnul.
    20 | D        | Found a shimmering altar of Xom.
    20 | D        | Found an ornate altar of the Wu Jian Council.
    20 | D        | Found a sacrificial altar of Ru.
    20 | D        | Found a stormy altar of Qazlal.
    20 | D        | Found an iron altar of Okawaru.
    20 | D        | Found a sparkling altar of Nemelex Xobeh.
    20 | D        | Found a burning altar of Makhleb.
    20 | D        | Found a blossoming altar of Fedhas.
    20 | D        | Found a white marble altar of Elyvilon.
    20 | D        | Found a shadowy altar of Dithmenos.
    20 | D        | Found a snail-covered altar of Cheibriados.
    22 | D        | Found a radiant altar of Vehumet.
    22 | D        | Found a corrupted altar of Lugonu.
    22 | D        | Found a roughly hewn altar of Beogh.
    23 | D        | Found a hide-covered altar of Uskayaw.
    23 | D        | Found an ancient bone altar of Kikubaaqudgha.
    23 | D        | Found a broken altar of Ashenzari.
    25 | D        | Became a worshipper of Sif Muna the Loreminder
    71 | D        | Reached * piety under Sif Muna
    72 | D        | Reached skill level 1 in Long Blades
    72 | D        | Reached XP level 2. HP: 12/15 MP: 0/6
   132 | D        | Learned a level 2 spell: Swiftness
   134 | D        | Reached ** piety under Sif Muna
   170 | D        | Noticed a sky beast
   174 | D        | Reached *** piety under Sif Muna
   174 | D        | Reached skill level 5 in Air Magic
   176 | D        | Slain by a sky beast

Illustrated notes

Levels and vault maps discovered:
D:        pitsprint [storerooms_1, entrance_room_1, metal_vault_4, armoury_1,
          mini_pit_1, grid_room_1, main_hall_1, silver_pit, the_coven_1,
          the_vestibule_1, steel_vault_2, golden_pit, hallway_of_sentries,
          crystal_vault_3, iron_vault_4, final_vault]

Skill      XL: |  1  2 |
---------------+-------+-----
Conjurations   | 2 3 |  3.4
Long Blades    | 1 |  1.9
Dodging        | 3 |  3.1
Air Magic      | 5 |  5.1
Stealth        | |  2.0
Spellcasting   | |  2.9

Action                   || total
-------------------------++-------
Melee: Falchion          ||     6
       Kick              ||     1
 Cast: Shock             ||    13
       Swiftness         ||     1
  Use: Potion            ||     1
 Stab: Sleeping          ||     1
Armor: Robe              ||     3
Dodge: Dodged            ||     6
       Rpst.: Falchion   ||     1

Table legend: (Time is in decaauts)
 A = Elapsed time spent in this place.
 B = Non-inter-level travel time spent in this place.
 C = Inter-level travel time spent in this place.
 D = Time resting spent in this place.
 E = Time spent auto-exploring this place.
 F = Levels seen in this place.
 G = Mean time per level.
                   A        B        C        D        E       F      G
               +--------+--------+--------+--------+--------+-----+--------+
         Total |    176 |    176 |      0 |     77 |      0 |   1 |  176.0 |
       Dungeon |    176 |    176 |      0 |     77 |      0 |   1 |  176.0 |
               +--------+--------+--------+--------+--------+-----+--------+

Top non-repeatable levels by time:
       D: 176 daAuts
